 Dungeon Crawl Stone Soup version 0.19-a0-379-ge33ada3 (webtiles) character file.

7 pisswolf the Conjurer (level 2, 0/13 HPs)
             Began as a Vine Stalker Conjurer on May 30, 2016.
             Slain by a jackal (1 damage)
             ... on level 1 of the Dungeon.
             The game lasted 00:01:11 (350 turns).

pisswolf the Conjurer (Vine Stalker Conjurer)        Turns: 350, Time: 00:01:11

Health: 0/13       AC:  3    Str: 10    XL:     2   Next: 0%
Magic:  0/6        EV: 11    Int: 15    God:
Gold:   11         SH:  0    Dex: 14    Spells: 1 memorised, 4 levels left

rFire  . . .     SeeInvis .     (no weapon)
rCold  . . .     Gourm    .     j - +0 leather armour (curse)
rNeg   . . .     Faith    .     (no shield)
rPois  .         Spirit   +     (no helmet)
rElec  .         Dismiss  .     (no cloak)
rCorr  .         Reflect  .     (no gloves)
SustAt .         Harm     .     (no boots)
MR     .....                    (no amulet)
Stlth  ++........               (no ring)
                                (no ring)

@: not resistant to hostile enchantments, unstealthy
A: fangs 2, regeneration 1, magic shield, antimagic bite, no device heal 3, rot
immunity
a: no special abilities


You were on level 1 of the Dungeon.
You were not hungry.

You visited 1 branch of the dungeon, and saw 1 of its levels.

You collected 11 gold pieces.

Inventory:

Armour
 a - a +0 robe
 j - a cursed +0 leather armour (worn)
Scrolls
 h - a scroll of identify {unknown}
 i - a scroll of immolation {unknown}
Potions
 e - a potion of berserk rage {unknown}
 f - a potion of heal wounds {unknown}
Books
 b - a book of Conjurations

   Spells                             Type                      Level
   a - Magic Dart                     Conjuration                  1
   b - Searing Ray                    Conjuration                  2
   c - Dazzling Spray                 Conjuration/Hexes            3
   d - Fulminant Prism                Conjuration/Hexes            4
   e - Iskenderun's Mystic Blast      Conjuration                  4
   f - Iskenderun's Battlesphere      Conjuration/Charms           5
Comestibles
 c - a bread ration


   Skills:
 - Level 1.5 Dodging
 - Level 2.4 Stealth
 + Level 2.3 Spellcasting
 * Level 4.3 Conjurations


You had 4 spell levels left.
You knew the following spells:

 Your Spells              Type           Power        Failure   Level  Hunger
a - Magic Dart            Conj           ##..         8%          1    #......


Dungeon Overview and Level Annotations

Branches:
Dungeon (1/15)

Altars:


Innate Abilities, Weirdness & Mutations

You have extremely sharp teeth.
Your natural rate of healing is unusually fast.
When hurt, damage is shared between your health and your magic reserves.
Your bite disrupts and absorbs the magic of your enemies.
Potions and wands cannot restore your health.
You are immune to rotting.


Message History

You hit the jackal but do no damage.
The jackal is moderately wounded.
The jackal bites you. The jackal barely misses you. The jackal bites you.
The jackal barely misses you.
The jackal bites you but does no damage.
You barely miss the jackal.
The jackal is moderately wounded.
The jackal bites you.
The jackal bites you but does no damage.
The jackal misses you. The jackal bites you.
You closely miss the jackal.
The jackal is moderately wounded.
The jackal barely misses you. The jackal bites you. x2
* * * LOW HITPOINT WARNING * * *
The jackal closely misses you. The jackal bites you.
* * * LOW HITPOINT WARNING * * *
You hit the jackal. You bite the jackal, but do no damage.
The jackal is heavily wounded.
The jackal bites you.
You die...

################ #.........
.....(.........#.# #.?.......
...............#.# #.........
##...#######...#.# #.#.......
##...### #...#.# #†#.......
#......# #..[#.# #.#.......
#......# #...#l# #h#......[
.......#####...#h# #.########
...............#@###.############
#......#####...#hh.....#.........
#####..# #...#.......#.........
#..# #...#.......#.........
#####..#####...#.......#.........
...............#[......#.........
...............#.......#.........
################.......#.........
....... .............###.........


You could see 3 jackals and a giant newt.

Vanquished Creatures
  A bat (D:1)
  2 hobgoblins (D:1)
  A jackal (D:1)
  A ball python (D:1)
  A giant newt (D:1)
6 creatures vanquished.

Notes
Turn   | Place    | Note
--------------------------------------------------------------
     0 | D:1      | pisswolf the Vine Stalker Conjurer began the quest for the Orb.
     0 | D:1      | Reached XP level 1. HP: 9/9 MP: 4/4
   334 | D:1      | Reached XP level 2. HP: 13/13 MP: 0/6
   350 | D:1      | Slain by a jackal

Vault maps used:
D:1:      dpeg_arrival_boxes_within_box

Action                   || total
-------------------------++-------
Melee: Unarmed           ||     9
       Bite              ||     2
 Cast: Magic Dart        ||    12
Armor: Leather armour    ||    10
Dodge: Dodged            ||    16
